 Dungeon Crawl Stone Soup version 0.27-a0-773-gaaee5cf (webtiles) character file.

Game seed: 12551120628722617639

244 Minkie the Skirmisher (level 6, -7/40 HPs)
             Began as a Gargoyle Fighter on Mar 25, 2021.
             Killed by divine providence
             ... invoked by an orc priest
              (11 damage)
             ... on level 4 of the Dungeon.
             The game lasted 00:07:55 (2863 turns).

Minkie the Skirmisher (Gargoyle Fighter)            Turns: 2863, Time: 00:07:55

Health: -7/40      AC: 15    Str: 22    XL:     6   Next: 10%
Magic:  6/6        EV:  8    Int:  8    God:
Gold:   124        SH:  9    Dex:  9    Spells: 5/5 levels left

rFire    . . .     SeeInvis .   o - +3 whip
rCold    . . .     Faith    .   c - +0 kite shield
rNeg     + . .     Spirit   .   f - +0 plate armour
rPois    ∞         Reflect  .   (no helmet)
rElec    +         Harm     .   (no cloak)
rCorr    .         Rampage  .   (no gloves)
Will     .....                  (no boots)
Stlth    ..........             (no amulet)
HPRegen  0.13/turn              e - +4 ring of evasion
MPRegen  0.10/turn              (no ring)

@: no status effects
A: AC +4, negative energy resistance 1, electricity resistance, torment
resistance 1, unbreathing 1, petrification resistance
a: no special abilities


You were on level 4 of the Dungeon.
You visited 1 branch of the dungeon, and saw 4 of its levels.

You collected 124 gold pieces.

Inventory:

Hand Weapons
 a - a +0 flail
 o - a +3 whip (weapon)
 q - a +1 flail of draining
Armour
 c - a +0 kite shield (worn)
 f - a +0 plate armour (worn)
Jewellery
 e - a +4 ring of evasion (right hand)
 p - a ring of magical power
Wands
 m - a wand of random effects (12)
Scrolls
 b - a scroll of noise {unknown}
 h - 2 scrolls of identify {unknown}
 l - a scroll of acquirement {unknown}
 n - a scroll of magic mapping {unknown}
Potions
 d - a potion of might
 g - 2 potions of resistance {unknown}
 i - 2 potions of curing {unknown}
 j - a potion of haste {unknown}
 k - a potion of lignification {unknown}


   Skills:
 + Level 5.6 Fighting
 + Level 4.5 Maces & Flails
 - Level 3.2 Armour
 - Level 3.3 Shields


You had 5 spell levels left.
You didn't know any spells.
Your spell library contained the following spells:

 Spells                   Type           Power      Damage    Failure   Level
 Confusing Touch          Hex            0%         N/A       100%        3
 Gell's Gravitas          Tloc           0%         N/A       100%        3
 Petrify                  Tmut/Erth      0%         N/A       100%        4
 Metabolic Englaciation   Hex/Ice        0%         N/A       100%        5
 Yara's Violent Unravell  Hex/Tmut       0%         3d3       100%        5


Dungeon Overview and Level Annotations

Branches:
Dungeon (4/15)
 Temple: D:4-7

Altars:
Gozag
Ru

Shops:
D:2 :*(


Innate Abilities, Weirdness & Mutations

Your stone body is resilient. (AC +4)
You are immune to poison.
You resist negative energy. (rN+)
You are resistant to electric shocks. (rElec)
You are resistant to unholy torment.
You can survive without breathing.
You are immune to petrification.


Message History

You feel less confused. Something hits you but does no damage.
You completely miss something. You block something's attack.
You miss something. Something hits you but does no damage.
You closely miss something. Something hits you but does no damage.
Your plate armour prevents you from hitting something.
You hear some strange, mumbled words.
You are confused.
You miss something. Something hits you but does no damage.
You hear some strange, mumbled words.
Something tries to affect you, but you resist.
The orc priest begins to cast a cantrip, but forgets the words!
Something hits you but does no damage.
The orc priest casts a cantrip, but nothing happens.
You bump into the rock wall.
Something hits you but does no damage.
You bump into the rock wall.
Something hits you but does no damage.
You bump into the rock wall.
You hear some strange, mumbled words.
Something tries to affect you, but you resist.
You bump into the rock wall.
You feel less confused.
You hear some strange, mumbled words.
A magic dart appears from out of thin air!
The magic dart hits you but does no damage.
You hit something but do no damage.
You hear some strange, mumbled words.
A magic dart appears from out of thin air!
The magic dart hits you.
You miss something. Something hits you but does no damage.
You barely miss something. Something hits you but does no damage.
The orc priest calls down the wrath of Beogh upon you.
Beogh smites you!
* * * LOW HITPOINT WARNING * * *
You miss something. Something hits you but does no damage.
A magic dart appears from out of thin air!
The magic dart hits you!
* * * LOW HITPOINT WARNING * * *
The orc priest calls down the wrath of Beogh upon you.
Beogh smites you!
You die...

###
#.#############################
..............................#
#.###########################.#
#.# #.# #^# #.# #.#
#####################.### #.#
#.o.oo{.@................ #.#
#.###################.### #.#
#####.# # #.# #...#.# #
#####.#.#.# # #>..#.#.#.###
#............ #...#.#.#.###
###.#.#.#.# #


You could see an orc priest and 2 orcs.

Vanquished Creatures
  An ogre (D:4)
  A scorpion (D:4)
  Ijyb (D:3)
  3 adders
  2 dart slugs
  5 orcs
  5 bats
  6 endoplasms
  4 goblins
  4 hobgoblins
  2 jackals (D:3)
  6 ball pythons
  3 frilled lizards
  7 kobolds
  6 rats
56 creatures vanquished.

Vanquished Creatures (others)
  6 plants (D:2)
6 creatures vanquished.

Grand Total: 62 creatures vanquished

Notes
Turn   | Place    | Note
-------+----------+-------------------------------------------
     0 | D:1      | Minkie the Gargoyle Fighter began the quest for the Orb.
     0 | D:1      | Reached XP level 1. HP: 14/14 MP: 1/1
    95 | D:1      | Reached XP level 2. HP: 19/19 MP: 2/2
   500 | D:2      | You fall into a shaft and drop 1 floor!
   545 | D:3      | Reached XP level 3. HP: 17/24 MP: 3/3
   551 | D:3      | Reached skill level 4 in Fighting
   702 | D:2      | Found Icoenah's Book Shop.
   758 | D:2      | Found Voaqe's Assorted Antiques.
   937 | D:2      | Found an opulent altar of Gozag.
  1125 | D:2      | Found a sacrificial altar of Ru.
  1222 | D:2      | Found Dusuwus's Weapon Shoppe.
  1596 | D:3      | Noticed Ijyb
  1610 | D:3      | Killed Ijyb
  1611 | D:3      | Reached XP level 4. HP: 28/30 MP: 4/4
  2160 | D:4      | Noticed an ogre
  2167 | D:4      | Killed an ogre
  2168 | D:4      | Reached skill level 5 in Fighting
  2168 | D:4      | Reached XP level 5. HP: 7/35 MP: 5/5
  2677 | D:4      | Reached XP level 6. HP: 40/40 MP: 6/6
  2863 | D:4      | Killed from afar by an orc priest

Illustrated notes

Levels and vault maps discovered:
D:1:      minmay_arrival_stair_chambers, layout_rooms
D:2:      layout_loops_ring, grunt_gozag_statues, serial_shops, shop, shop,
          nicolae_shop_crystal, serial_forest, infiniplex_forest_straight_3,
          infiniplex_forest_end_2, infiniplex_forest_clump_double,
          infiniplex_forest_end_3, infiniplex_forest_pool,
          infiniplex_forest_lined_2, infiniplex_forest_clump_small,
          nicolae_ru_path_of_blood
D:3:      layout_basic, hangedman_feature_mirror, uniq_ijyb
D:4:      layout_basic, kennysheep_mini_moat

Skill      XL: |  1  2  3  4 |
---------------+-------------+-----
Fighting       | 4 5 |  5.6
Maces & Flails | 3 4 |  4.5
Armour         | |  3.2
Shields        | |  3.3

Action                   |  1- 3 |  4- 6 || total
-------------------------+-------+-------++-------
Melee: Flail             |   139 |    31 ||   170
       Whip              |       |    45 ||    45
Armor: Scale mail        |     8 |       ||     8
       Plate armour      |    99 |    52 ||   151
Dodge: Dodged            |    41 |    14 ||    55
Block: Kite shield       |    66 |    23 ||    89

Table legend: (Time is in decaauts)
 A = Elapsed time spent in this place.
 B = Non-inter-level travel time spent in this place.
 C = Inter-level travel time spent in this place.
 D = Time resting spent in this place.
 E = Time spent auto-exploring this place.
 F = Levels seen in this place.
 G = Mean time per level.
                   A        B        C        D        E       F      G
               +--------+--------+--------+--------+--------+-----+--------+
         Total |   2952 |   2850 |    102 |    359 |   1869 |   4 |  738.0 |
       Dungeon |   2952 |   2850 |    102 |    359 |   1869 |   4 |  738.0 |
               +--------+--------+--------+--------+--------+-----+--------+

Top non-repeatable levels by time:
     D:3: 949 daAuts
     D:4: 782 daAuts
     D:2: 702 daAuts
     D:1: 517 daAuts
